AoeStats
← boar.ed

Four Lakes

509461940Analyzed
1v1 RM · 6d ago on Sep 26, 2026· 102m 0s· 2 players
Game mode
Random Map
Map size
Tiny (2 player)
Population
200
Speed
Normal
Resources
Standard
Victory
Conquest
Starting age
Dark Age
Ending age
Imperial Age
RankedLock teamsTeams togetherTeam positionsShared explorationLock speedFull tech treeHidden civsTurbo modeCheats
Victory
Defeat
🇫🇷 Franks · France
759
+17
🇩🇪 Mongols · Germany
780
-17
JoDuTartare
9:59 Feudal Age
11:18 Wheelbarrow
10:31 Double-Bit Axe
10:46 Loom
17:04 Fishing Lines
31:18 Castle Age
33:13 Light Cavalry
34:25 Forging
34:21 Scale Barding Armor
39:43 Pikeman
40:46 Scale Mail Armor
44:26 Hand Cart
45:21 Chain Mail Armor
44:57 Town Watch
46:09 Town Patrol
46:46 Ballistics
46:22 Murder Holes
46:40 Fortified Wall
49:11 Gillnets
53:59 Imperial Age
54:03 Halberdier
54:47 Arrowslits
55:25 Bow Saw
57:20 Chemistry
61:01 Plate Mail Armor
60:44 Squires
66:24 Heavy Scorpion
77:14 Cavalier
79:15 Chain Barding Armor
90:16 Paladin
boar.ed
9:10 Loom
11:25 Feudal Age
16:56 Castle Age
15:46 Double-Bit Axe
20:12 Bloodlines
30:55 Bow Saw
35:30 Imperial Age
39:03 Elite Steppe Lancer
51:22 Forging
51:18 Scale Barding Armor
52:38 Iron Casting
52:11 Scale Barding Armor
54:50 Blast Furnace
94:17 Chain Barding Armor
98:57 Husbandry
Connection lost

Rejoining the realm…

Still unreachable

The connection could not be restored.

Session expired

The server has moved on; the page needs a fresh start.